[ AOE2 MATCH · #467501375 ]
UnrankedJapanese vs Franks
Player's team · WIN
Rival team · LOSS
[ REPLAY ANALYSIS · EXTRACTED FROM THE RECORDED GAME ]
Feudal
13:39
Castle
—
Imperial
—
| APM avg | 34.3 |
| APM peak | 62 |
| eAPM avg | 15.5 |
| Villagers / military | 35 / 36 |
Focus
⚔️ 27.0% · 🌾 73.0%
Militia ×36 · Fishing Ship ×10
Feudal
13:18
Castle
—
Imperial
—
| APM avg | 13.1 |
| APM peak | 47 |
| eAPM avg | 10.4 |
| Villagers / military | 45 / 8 |
Focus
⚔️ 11.2% · 🌾 88.8%
Scout Cavalry ×8
Match map
Initial resources + every placement click. Lines = walls · curves = elevation contours. ◆ gold · ⬟ stone · ● berries · ✦ relic · ◌ wall gap
Your base· Open — unwalled flank
Willis32's base· Open — 12t gap
Smoothed initial terrain · ◌ = detected wall gap · hover for details
Inputs per minute
— piol - - Willis32
Build order — piol
130 actions detected in the replay
| 0:25 | Build | Town Center |
| 0:38 | Build | House |
| 2:20 | Create | Villager (Male) |
| 2:20 | Create | Villager (Male) |
| 2:21 | Create | Villager (Male) |
| 2:21 | Create | Villager (Male) |
| 3:33 | Build | House |
| 4:03 | Research | Loom |
| 4:37 | Create | Villager (Male) |
| 4:37 | Create | Villager (Male) |
| 4:37 | Create | Villager (Male) |
| 4:37 | Create | Villager (Male) |
| 4:46 | Build | House |
| 5:18 | Create | Villager (Male) |
| 5:18 | Create | Villager (Male) |
| 5:44 | Build | Dock |
| 6:38 | Build | House |
| 6:42 | Create | Villager (Male) |
| 7:00 | Create | Villager (Male) |
| 7:00 | Create | Villager (Male) |
| 7:19 | Create | Villager (Male) |
| 7:43 | Create | Fishing Ship |
| 7:47 | Create | Villager (Male) |
| 8:00 | Build | House |
| 8:06 | Create | Villager (Male) |
| 8:27 | Create | Fishing Ship |
| 8:27 | Create | Fishing Ship |
| 9:01 | Create | Villager (Male) |
| 9:14 | Build | Mill |
| 9:21 | Create | Fishing Ship |
| 9:56 | Create | Villager (Male) |
| 9:56 | Create | Villager (Male) |
| 9:56 | Create | Villager (Male) |
| 9:57 | Create | Villager (Male) |
| 10:05 | Create | Fishing Ship |
| 10:08 | Create | Villager (Male) |
| 10:14 | Build | House |
| 10:23 | Create | Fishing Ship |
| 10:50 | Build | House |
| 11:11 | Build | House |
| 11:24 | Create | Fishing Ship |
| 11:29 | Research | Feudal Age |
| 11:50 | Build | Barracks |
| 12:17 | Build | Palisade Wall |
| 12:28 | Build | Building 796 |
| 12:31 | Build | Palisade Wall |
| 12:48 | Create | Fishing Ship |
| 12:58 | Build | Palisade Wall |
| 13:02 | Create | Militia |
| 13:03 | Create | Militia |
| 13:27 | Create | Villager (Male) |
| 13:36 | Build | Lumber Camp |
| 13:38 | Create | Militia |
| 13:39 | Age | Feudal Age |
| 13:43 | Research | Man-at-Arms (upgrade) |
| 13:43 | Research | Arson |
| 13:52 | Create | Villager (Male) |
| 14:08 | Build | Dock |
| 14:16 | Create | Militia |
| 14:30 | Create | Militia |
| 14:35 | Create | Militia |
| 15:29 | Create | Militia |
| 15:29 | Create | Militia |
| 15:38 | Create | Villager (Male) |
| 15:39 | Create | Villager (Male) |
| 15:39 | Create | Villager (Male) |
| 15:39 | Create | Villager (Male) |
| 15:39 | Create | Villager (Male) |
| 15:44 | Create | Villager (Male) |
| 15:44 | Create | Villager (Male) |
| 15:49 | Build | Blacksmith |
| 15:52 | Research | Double-Bit Axe |
| 15:54 | Create | Militia |
| 16:12 | Create | Fishing Ship |
| 16:12 | Create | Fishing Ship |
| 16:19 | Build | House |
| 16:20 | Build | House |
| 16:20 | Build | House |
| 16:27 | Create | Militia |
| 16:33 | Build | House |
| 16:39 | Research | Scale Mail Armor |
| 16:41 | Create | Villager (Male) |
| 17:02 | Create | Militia |
| 17:03 | Create | Militia |
| 17:34 | Create | Militia |
| 18:01 | Create | Militia |
| 18:01 | Create | Militia |
| 18:01 | Create | Militia |
| 18:34 | Create | Militia |
| 18:34 | Create | Militia |
| 18:42 | Build | House |
| 18:43 | Build | House |
| 18:43 | Build | House |
| 18:58 | Create | Militia |
| 19:05 | Research | Forging |
| 19:09 | Build | Farm |
| 19:09 | Build | Farm |
| 19:10 | Build | Farm |
| 19:10 | Build | Farm |
| 19:11 | Build | Farm |
| 19:12 | Research | Horse Collar |
| 19:13 | Create | Villager (Male) |
| 19:13 | Create | Villager (Male) |
| 19:31 | Create | Militia |
| 19:31 | Create | Militia |
| 19:32 | Create | Militia |
| 20:15 | Create | Militia |
| 20:15 | Create | Militia |
| 20:34 | Create | Militia |
| 20:34 | Create | Militia |
| 20:35 | Create | Militia |
| 21:06 | Create | Militia |
| 21:07 | Create | Militia |
| 21:49 | Create | Militia |
| 21:49 | Create | Militia |
| 21:49 | Create | Militia |
| 21:49 | Create | Militia |
| 21:50 | Create | Militia |
| 21:54 | Create | Militia |
| 21:54 | Create | Militia |
| 22:13 | Build | Farm |
| 22:14 | Build | Farm |
| 22:16 | Build | Farm |
| 22:16 | Build | Farm |
| 22:16 | Build | Farm |
| 22:16 | Build | Farm |
| 22:16 | Build | Farm |
| 22:19 | Build | Farm |
| 22:19 | Build | Farm |
| 22:21 | Create | Villager (Male) |
Build order — Willis32
84 actions detected in the replay
| 1:04 | Build | Town Center |
| 1:43 | Build | House |
| 1:51 | Build | House |
| 2:40 | Create | Villager (Male) |
| 2:40 | Create | Villager (Male) |
| 2:40 | Create | Villager (Male) |
| 2:40 | Create | Villager (Male) |
| 2:41 | Create | Villager (Male) |
| 4:11 | Create | Villager (Male) |
| 4:12 | Create | Villager (Male) |
| 4:27 | Build | Lumber Camp |
| 4:36 | Create | Villager (Male) |
| 4:37 | Create | Villager (Male) |
| 4:50 | Create | Villager (Male) |
| 4:50 | Create | Villager (Male) |
| 5:36 | Create | Villager (Male) |
| 5:36 | Create | Villager (Male) |
| 5:49 | Create | Villager (Male) |
| 5:50 | Create | Villager (Male) |
| 6:05 | Build | House |
| 6:31 | Create | Villager (Male) |
| 6:31 | Create | Villager (Male) |
| 6:39 | Build | Mill |
| 6:49 | Create | Villager (Male) |
| 6:50 | Create | Villager (Male) |
| 7:15 | Create | Villager (Male) |
| 7:15 | Create | Villager (Male) |
| 7:39 | Create | Villager (Male) |
| 7:39 | Create | Villager (Male) |
| 8:02 | Create | Villager (Male) |
| 8:03 | Create | Villager (Male) |
| 8:03 | Create | Villager (Male) |
| 8:03 | Create | Villager (Male) |
| 8:40 | Create | Villager (Male) |
| 8:59 | Research | Loom |
| 9:05 | Build | House |
| 9:10 | Create | Villager (Male) |
| 9:14 | Research | Loom |
| 10:14 | Create | Villager (Male) |
| 10:37 | Build | Farm |
| 10:41 | Build | Farm |
| 10:56 | Build | Farm |
| 11:08 | Research | Feudal Age |
| 11:19 | Build | Barracks |
| 11:34 | Create | Villager (Male) |
| 11:34 | Create | Villager (Male) |
| 12:18 | Build | House |
| 12:34 | Build | Farm |
| 12:42 | Create | Villager (Male) |
| 12:42 | Create | Villager (Male) |
| 13:02 | Build | House |
| 13:18 | Age | Feudal Age |
| 13:26 | Build | Watch Tower |
| 13:35 | Build | Stable |
| 13:41 | Create | Villager (Male) |
| 13:44 | Research | Double-Bit Axe |
| 14:14 | Build | Mining Camp |
| 14:22 | Create | Villager (Male) |
| 15:30 | Create | Villager (Male) |
| 15:30 | Create | Villager (Male) |
| 15:30 | Create | Villager (Male) |
| 15:47 | Create | Scout Cavalry |
| 15:47 | Create | Scout Cavalry |
| 15:47 | Create | Scout Cavalry |
| 15:51 | Build | Farm |
| 15:55 | Build | Farm |
| 17:18 | Build | House |
| 18:06 | Create | Villager (Male) |
| 18:07 | Create | Villager (Male) |
| 18:07 | Create | Villager (Male) |
| 18:35 | Build | Stable |
| 18:57 | Create | Villager (Male) |
| 18:57 | Create | Villager (Male) |
| 18:57 | Create | Villager (Male) |
| 19:09 | Build | Farm |
| 19:18 | Build | Stable |
| 19:23 | Create | Scout Cavalry |
| 19:23 | Create | Scout Cavalry |
| 20:50 | Build | Stable |
| 21:24 | Create | Scout Cavalry |
| 21:24 | Create | Scout Cavalry |
| 21:24 | Create | Scout Cavalry |
| 21:33 | Build | House |
| 21:34 | Build | House |
Match timeline
| 5:44 | piol · first_building Dock |
| 11:19 | Willis32 · first_building Barracks |
| 11:50 | piol · first_building Barracks |
| 12:17 | piol · wall_segment Palisade Wall x1 |
| 12:31 | piol · wall_segment Palisade Wall x1 |
| 12:58 | piol · wall_segment Palisade Wall x14 |
| 13:18 | Willis32 · age_up feudal |
| 13:35 | Willis32 · first_building Stable |
| 13:39 | piol · age_up feudal |
| 22:24 | Willis32 · resign |
[ AI ANALYSIS · 1 CREDIT ]
What really happened in this match?
Wolo.gg analyzes every decision: build order, eco, micro, common mistakes by bracket. Personalized analysis on WhatsApp or Discord in 30 seconds.
Civ guide
Japanese
Perfil
Jugador #284388